Map: Ley Lines

Players

sebesdes - Winner!

  • Race: Protoss Protoss
  • League: Master
  • Spawn Location: 1:00

STZsOs (sOs)

  • Race: Protoss Protoss
  • Spawn Location: 7:00

Event: HomeStory Cup XXVII

VOD

Have the link to the VOD?

Description

Time

  • Played on: June 28, 2025, 1:52 p.m.
  • Length: 6:39

All games in this series

Show
View Real Time Build Order
Export as new Build Order

sebesdes Protoss - Winner!

Build Orders:  

Get SALT Encoding   

  12  0:00  Probe  
  13  0:12  Probe  
  14  0:17  Pylon  
  14  0:23  Probe  
  15  0:31  Probe  
  15  0:36  Gateway  
  15  0:39  Probe  
  16  0:45  Assimilator  
  17  0:50  Probe  
  17  0:54  Assimilator  
  18  0:59  Probe  
  19  1:06  Gateway  
  19  1:07  Probe  
  20  1:17  Probe  
  20  1:23  Cybernetics Core  
  21  1:29  Probe  
  22  1:34  Pylon  
  22  1:41  Probe  
  23  1:59  Robotics Facility, Adept x2  
  27  2:06  Warp Gate  
  27  2:12  Pylon  
  27  2:26  Stalker x2  
  31  2:34  Immortal  
  34  2:52  Gateway  
  34  3:04  Warp Prism  
  34  3:13  Pylon  
  36  3:23  Probe  
  37  3:38  Probe  
  37  3:40  Immortal  
  42  3:53  Pylon  
  42  3:55  Sentry x2  
  46  4:20  Immortal  
  42  4:35  Probe  
  36  4:45  Pylon  
  36  4:50  Probe  
  36  4:52  Sentry  
  39  4:59  Immortal, Shield Battery  
  43  5:05  Probe  
  44  5:13  Sentry  
  46  5:14  Stalker  
  48  5:27  Probe  
  49  5:35  Pylon  
  49  5:39  Sentry  
  51  5:46  Immortal  
  54  5:52  Adept  
  51  6:13  Adept  
  51  6:30  Zealot x2  
Show
View Real Time Build Order
Export as new Build Order

STZsOs Protoss 

Build Orders:  

Get SALT Encoding   

  12  0:00  Probe  
  13  0:12  Probe  
  14  0:16  Pylon  
  14  0:23  Probe  
  15  0:31  Probe  
  16  0:35  Gateway  
  16  0:39  Probe  
  16  0:45  Assimilator  
  17  0:51  Probe  
  18  0:59  Probe  
  19  1:04  Assimilator  
  19  1:07  Probe  
  19  1:09  Gateway  
  20  1:17  Probe  
  20  1:22  Cybernetics Core  
  21  1:29  Probe  
  22  1:33  Pylon  
  22  1:41  Probe  
  23  1:53  Probe  
  24  1:55  Stalker  
  24  1:56  Stalker  
  24  1:59  Warp Gate  
  28  2:12  Pylon  
  28  2:25  Stalker  
  28  2:27  Stalker  
  32  2:52  Nexus  
  32  2:54  Sentry  
  34  3:00  Probe  
  34  3:05  Sentry  
  36  3:10  Shield Battery  
  36  3:15  Shield Battery  
  34  3:22  Probe  
  35  3:32  Robotics Facility  
  35  3:34  Pylon  
  35  3:40  Gateway  
  35  3:48  Sentry  
  37  3:50  Stalker  
  37  3:54  Shield Battery  
  39  4:14  Stalker  
  39  4:16  Adept  
  36  4:17  Probe  
  36  4:21  Immortal  
  29  4:30  Probe  
  32  4:47  Probe  
  33  4:55  Adept  
  35  5:01  Probe  
  36  5:11  Pylon  
  36  5:14  Probe  
  37  5:27  Observer, Probe  
  39  5:35  Warp Prism  
  39  5:39  Probe  
  38  6:15  Sentry  
  38  6:21  Probe  
  38  6:22  Pylon  
Tags
 
League
Master
Matchup
PvP
Replay Pack
hsc27
Spawn Locations
Cross Positions
Add a new tag
Caveats
  • Supply blocks, unpowered buildings, or Contaminate may cause inaccurate times.
  • Supply counts are checked every 10 seconds.